General information
- name: BNet
- type: Ladder team game (AT/RT)
- host: Battle.net
- saver: Plops
map: Highperch
- players: 6
- length: 277:28
- speed: Fast
- version: 1.26 W3XP
- replay type: Public
» download(814 KB)
Players
team 1 (winner)

»
ASSRAPETHENEGRO (
purple | 40 APM | 11137 actions | 277:24)
6 Blademaster
3 Critical Strike
2 Wind Walk
1 Bladestorm
5 Goblin Tinker
3 Pocket Factory
2 Engineering Upgrade
1 Lich
1 Death and Decay
» actions
| Assign group hotkey | 354 | |
| Basic commands | 71 | |
| Build / train | 89 | |
| ESC pressed | 16 | |
| Enter build submenu | 45 | |
| Enter hero's abilities submenu | 14 | |
| Give item / drop item | 14 | |
| Right click | 6220 | |
| Select / deselect | 2299 | |
| Select group hotkey | 1408 | |
| Use ability | 603 | |
11137 total
» units
| Peon | 16 | |
| Troll Batrider | 11 | |
| Wind Rider | 4 | |
| Spirit Walker | 1 | |
| Demolisher | 2 | |
| Shaman | 1 | |
35 total
» upgrades
| Armor | 2 | |
| Ranged Weapons | 1 | |
| Liquid Fire | 1 | |
| Reinforced Defenses | 1 | |
| Envenomed Spears | 1 | |
| Shaman Training | 2 | |
| Spirit Walker Training | 1 | |
| Burning Oil | 1 | |
| Spiked Barricades | 1 | |
11 total
» buildings
| Altar of Storms | 1 | |
| Orc Burrow | 6 | |
| Voodoo Lounge | 3 | |
| Stronghold | 4 | |
| War Mill | 3 | |
| Fortress | 1 | |
| Beastiary | 4 | |
| Great Hall | 1 | |
| Spirit Lodge | 1 | |
| Watch Tower | 16 | |
| Barracks | 1 | |
41 total
» build order
00:08 Altar of Storms
00:18 Orc Burrow
00:48 Voodoo Lounge
01:21 Orc Burrow
02:26 Stronghold
02:26 Stronghold
02:30 War Mill
03:00 Orc Burrow
03:56 Orc Burrow
04:50 Fortress
04:52 Beastiary
04:58 Beastiary
07:57 Great Hall
08:27 Spirit Lodge
19:31 Orc Burrow
19:32 Orc Burrow
20:32 Voodoo Lounge
20:34 Watch Tower
20:35 Watch Tower
21:25 Beastiary
21:27 Beastiary
21:28 War Mill
21:30 War Mill
23:43 Barracks
23:53 Watch Tower
23:57 Watch Tower
24:54 Watch Tower
24:56 Watch Tower
25:11 Watch Tower
25:14 Watch Tower
26:11 Watch Tower
26:13 Watch Tower
28:20 Watch Tower
28:22 Watch Tower
29:30 Watch Tower
29:33 Watch Tower
32:14 Watch Tower
32:15 Watch Tower
36:13 Voodoo Lounge
37:27 Stronghold
» items
| Healing Salve | 6 | |
| Boots of Speed | 1 | |
| Lesser Clarity Potion | 5 | |
| Scroll of Town Portal | 2 | |
| Orb of Lightning | 1 | |
| Staff of Teleportation | 3 | |
| Tiny Great Hall | 1 | |
| Scroll of Regeneration | 1 | |
| Mechanical Critter | 1 | |
21 total
Plops (
green | 20 APM | 5468 actions | 277:28)
4 Archmage
2 Blizzard
2 Brilliance Aura
2 Blood Mage
1 Flame Strike
1 Siphon Mana
1 Lich
1 Frost Nova
1 Death Knight
1 Animate Dead
» actions
| Assign group hotkey | 25 | |
| Basic commands | 56 | |
| Build / train | 145 | |
| ESC pressed | 26 | |
| Enter build submenu | 138 | |
| Enter hero's abilities submenu | 10 | |
| Give item / drop item | 4 | |
| Right click | 1730 | |
| Select / deselect | 954 | |
| Select group hotkey | 1959 | |
| Use ability | 421 | |
5468 total
» units
| Peasant | 15 | |
| Sorceress | 2 | |
| Priest | 1 | |
| Dragonhawk Rider | 25 | |
| Gryphon Rider | 2 | |
45 total
» upgrades
| Masonry | 3 | |
| Sorceress Training | 1 | |
| Magic Sentry | 1 | |
| Lumber Harvesting | 1 | |
6 total
» buildings
| Altar of Kings | 1 | |
| Farm | 10 | |
| Lumber Mill | 3 | |
| Arcane Vault | 3 | |
| Scout Tower | 156 | |
| Guard Tower | 72 | |
| Keep | 1 | |
| Arcane Sanctum | 1 | |
| Town Hall | 1 | |
| Arcane Tower | 3 | |
| Gryphon Aviary | 1 | |
| Castle | 1 | |
253 total
» build order
00:08 Altar of Kings
00:21 Farm
00:22 Farm
01:31 Lumber Mill
01:41 Arcane Vault
02:23 Scout Tower
02:24 Scout Tower
02:48 Scout Tower
02:49 Scout Tower
02:51 Guard Tower
03:05 Scout Tower
03:11 Keep
03:13 Farm
03:19 Guard Tower
03:27 Scout Tower
03:37 Guard Tower
03:39 Scout Tower
03:48 Guard Tower
04:05 Scout Tower
04:06 Guard Tower
04:09 Scout Tower
04:09 Scout Tower
04:10 Guard Tower
04:28 Scout Tower
04:32 Guard Tower
04:52 Guard Tower
04:58 Scout Tower
05:00 Scout Tower
05:01 Guard Tower
05:07 Guard Tower
05:25 Scout Tower
05:27 Guard Tower
05:29 Scout Tower
05:48 Arcane Sanctum
05:55 Scout Tower
05:57 Guard Tower
06:05 Guard Tower
06:11 Guard Tower
06:15 Scout Tower
06:20 Scout Tower
06:24 Guard Tower
06:38 Scout Tower
06:51 Guard Tower
06:53 Scout Tower
06:56 Scout Tower
06:57 Guard Tower
07:27 Scout Tower
07:28 Scout Tower
07:34 Guard Tower
07:36 Scout Tower
07:46 Guard Tower
07:47 Scout Tower
07:48 Scout Tower
08:05 Guard Tower
08:10 Guard Tower
08:14 Scout Tower
09:19 Guard Tower
09:21 Scout Tower
09:29 Scout Tower
09:31 Guard Tower
09:39 Scout Tower
09:42 Scout Tower
09:43 Scout Tower
09:43 Scout Tower
09:44 Scout Tower
09:52 Guard Tower
10:29 Town Hall
10:51 Guard Tower
11:17 Guard Tower
11:18 Scout Tower
11:35 Guard Tower
11:37 Scout Tower
11:38 Scout Tower
11:41 Arcane Tower
11:54 Farm
12:06 Guard Tower
12:18 Gryphon Aviary
12:43 Guard Tower
13:01 Farm
13:11 Scout Tower
13:13 Guard Tower
14:17 Scout Tower
14:17 Scout Tower
14:19 Scout Tower
14:19 Scout Tower
14:36 Guard Tower
14:52 Scout Tower
15:09 Scout Tower
15:10 Scout Tower
15:11 Guard Tower
15:37 Guard Tower
15:38 Scout Tower
15:40 Scout Tower
15:41 Scout Tower
16:35 Guard Tower
16:46 Scout Tower
17:22 Guard Tower
17:24 Scout Tower
17:25 Scout Tower
17:55 Guard Tower
17:56 Scout Tower
17:57 Scout Tower
18:07 Farm
18:09 Castle
18:12 Scout Tower
18:13 Scout Tower
18:13 Scout Tower
18:14 Scout Tower
18:15 Scout Tower
18:29 Guard Tower
18:46 Guard Tower
18:57 Scout Tower
18:57 Scout Tower
18:58 Scout Tower
18:59 Scout Tower
19:01 Guard Tower
19:31 Guard Tower
19:40 Scout Tower
20:06 Scout Tower
20:06 Scout Tower
20:07 Scout Tower
20:18 Guard Tower
20:27 Guard Tower
20:42 Guard Tower
21:03 Scout Tower
21:03 Scout Tower
21:04 Scout Tower
21:32 Guard Tower
22:16 Guard Tower
23:07 Guard Tower
26:03 Scout Tower
26:03 Scout Tower
27:57 Guard Tower
27:59 Scout Tower
28:00 Scout Tower
28:01 Scout Tower
28:02 Scout Tower
28:18 Scout Tower
28:20 Scout Tower
28:21 Scout Tower
28:41 Guard Tower
29:06 Scout Tower
29:10 Guard Tower
29:46 Guard Tower
29:48 Scout Tower
29:51 Scout Tower
29:52 Scout Tower
29:53 Scout Tower
29:54 Scout Tower
29:55 Scout Tower
29:55 Scout Tower
29:56 Scout Tower
29:57 Scout Tower
30:17 Guard Tower
30:45 Guard Tower
31:10 Scout Tower
31:11 Guard Tower
31:37 Guard Tower
32:08 Scout Tower
32:08 Scout Tower
32:10 Scout Tower
32:11 Scout Tower
32:32 Scout Tower
32:33 Scout Tower
34:05 Farm
34:06 Farm
34:07 Farm
34:07 Farm
34:11 Scout Tower
34:12 Scout Tower
34:17 Scout Tower
34:18 Scout Tower
34:22 Scout Tower
34:29 Scout Tower
34:30 Scout Tower
34:41 Guard Tower
34:45 Guard Tower
34:58 Guard Tower
35:43 Guard Tower
35:47 Scout Tower
35:48 Scout Tower
35:53 Scout Tower
35:54 Scout Tower
35:57 Scout Tower
35:58 Scout Tower
36:17 Scout Tower
36:18 Scout Tower
36:20 Scout Tower
36:23 Scout Tower
36:24 Scout Tower
37:11 Arcane Vault
37:38 Guard Tower
37:43 Lumber Mill
37:49 Guard Tower
38:08 Scout Tower
38:18 Scout Tower
38:45 Scout Tower
38:49 Guard Tower
38:55 Scout Tower
38:56 Scout Tower
39:01 Scout Tower
39:02 Scout Tower
39:03 Scout Tower
39:04 Scout Tower
39:20 Scout Tower
39:23 Scout Tower
39:24 Scout Tower
39:26 Scout Tower
39:27 Scout Tower
39:44 Guard Tower
40:58 Lumber Mill
41:24 Scout Tower
41:40 Scout Tower
41:40 Scout Tower
41:44 Scout Tower
41:44 Scout Tower
41:45 Scout Tower
43:15 Guard Tower
43:37 Guard Tower
43:41 Scout Tower
43:42 Scout Tower
43:43 Scout Tower
43:46 Guard Tower
43:50 Scout Tower
43:52 Scout Tower
44:33 Guard Tower
44:51 Guard Tower
45:18 Scout Tower
45:20 Guard Tower
45:26 Scout Tower
45:27 Scout Tower
45:28 Scout Tower
45:30 Scout Tower
45:38 Guard Tower
45:47 Guard Tower
45:48 Scout Tower
46:00 Scout Tower
46:02 Scout Tower
46:11 Scout Tower
46:44 Guard Tower
46:49 Scout Tower
46:51 Scout Tower
47:36 Arcane Tower
47:39 Scout Tower
47:45 Scout Tower
48:07 Scout Tower
48:09 Scout Tower
49:18 Guard Tower
51:24 Scout Tower
52:41 Scout Tower
52:50 Scout Tower
53:18 Arcane Tower
81:32 Arcane Vault
» items
| Staff of Teleportation | 2 | |
| Healing Salve | 1 | |
| Mechanical Critter | 4 | |
7 total
Cheng159 (
red | 19 APM | 2607 actions | 134:00)
5 Death Knight
3 Death Coil
2 Unholy Aura
4 Lich
2 Frost Nova
2 Frost Armor
» actions
| Assign group hotkey | 51 | |
| Basic commands | 6 | |
| Build / train | 72 | |
| Enter build submenu | 19 | |
| Enter hero's abilities submenu | 11 | |
| Give item / drop item | 10 | |
| Remove unit from queue | 1 | |
| Right click | 1312 | |
| Select / deselect | 722 | |
| Select group hotkey | 297 | |
| Use ability | 105 | |
2607 total
» units
| Acolyte | 2 | |
| Ghoul | 4 | |
| Crypt Fiend | 10 | |
| Obsidian Statue | 2 | |
| Meatwagon | 7 | |
| Necromancer | 10 | |
| Abomination | 2 | |
| Frost Wyrm | 2 | |
39 total
» upgrades
| Creature Attack | 2 | |
| Creature Carapace | 2 | |
| Web | 1 | |
| Exhume Corpses | 1 | |
| Necromancer Training | 2 | |
| Skeletal Longevity | 1 | |
| Skeletal Mastery | 1 | |
| Banshee Training | 1 | |
11 total
» buildings
| Crypt | 2 | |
| Ziggurat | 10 | |
| Altar of Darkness | 1 | |
| Graveyard | 1 | |
| Tomb of Relics | 1 | |
| Halls of the Dead | 1 | |
| Black Citadel | 1 | |
| Sacrificial Pit | 2 | |
| Slaughterhouse | 1 | |
| Temple of the Damned | 1 | |
| Boneyard | 2 | |
23 total
» build order
00:09 Crypt
00:13 Ziggurat
00:36 Altar of Darkness
01:01 Ziggurat
01:10 Graveyard
01:46 Ziggurat
02:24 Tomb of Relics
04:34 Ziggurat
04:38 Ziggurat
05:05 Halls of the Dead
06:23 Ziggurat
08:33 Black Citadel
09:41 Sacrificial Pit
09:51 Crypt
09:53 Slaughterhouse
09:58 Ziggurat
10:00 Ziggurat
14:35 Temple of the Damned
22:51 Sacrificial Pit
22:54 Ziggurat
22:55 Ziggurat
26:03 Boneyard
26:04 Boneyard
» items
| Healing Salve | 3 | |
| Scroll of Town Portal | 2 | |
| Orb of Corruption | 1 | |
| Potion of Healing | 2 | |
| Orb of Fire | 1 | |
9 total
team 2 (loser)

»
Beazy (
teal | 23 APM | 6270 actions | 277:24)
6 Death Knight
3 Death Coil
2 Unholy Aura
1 Animate Dead
6 Lich
3 Frost Nova
2 Frost Armor
1 Death and Decay
» actions
| Assign group hotkey | 100 | |
| Basic commands | 235 | |
| Build / train | 82 | |
| ESC pressed | 4 | |
| Enter build submenu | 26 | |
| Enter hero's abilities submenu | 12 | |
| Give item / drop item | 2 | |
| Right click | 3024 | |
| Select / deselect | 587 | |
| Select group hotkey | 1992 | |
| Use ability | 206 | |
6270 total
» units
| Acolyte | 13 | |
| Ghoul | 3 | |
| Crypt Fiend | 6 | |
| Obsidian Statue | 2 | |
| Frost Wyrm | 13 | |
37 total
» upgrades
| Burrow | 1 | |
| Web | 1 | |
| Creature Attack | 2 | |
| Creature Carapace | 2 | |
| Destroyer Form | 1 | |
7 total
» buildings
| Crypt | 1 | |
| Graveyard | 1 | |
| Ziggurat | 15 | |
| Altar of Darkness | 1 | |
| Tomb of Relics | 1 | |
| Nerubian Tower | 2 | |
| Halls of the Dead | 1 | |
| Slaughterhouse | 1 | |
| Spirit Tower | 6 | |
| Black Citadel | 2 | |
| Sacrificial Pit | 1 | |
| Boneyard | 2 | |
| Necropolis | 1 | |
35 total
» build order
00:11 Crypt
00:22 Graveyard
00:40 Ziggurat
01:00 Altar of Darkness
01:30 Ziggurat
01:44 Tomb of Relics
01:51 Nerubian Tower
03:47 Halls of the Dead
04:35 Ziggurat
06:02 Ziggurat
06:17 Slaughterhouse
08:56 Ziggurat
08:57 Ziggurat
08:59 Spirit Tower
09:44 Spirit Tower
09:47 Ziggurat
10:31 Black Citadel
10:32 Spirit Tower
11:37 Spirit Tower
12:06 Black Citadel
12:58 Sacrificial Pit
13:19 Spirit Tower
14:43 Boneyard
15:07 Boneyard
15:24 Necropolis
16:21 Ziggurat
17:39 Ziggurat
17:41 Ziggurat
18:54 Nerubian Tower
20:36 Ziggurat
20:51 Ziggurat
23:07 Ziggurat
23:10 Ziggurat
24:24 Spirit Tower
36:50 Ziggurat
» items
| Rod of Necromancy | 5 | |
| Scroll of Regeneration | 1 | |
| Potion of Healing | 1 | |
| Lesser Clarity Potion | 2 | |
| Scroll of Town Portal | 1 | |
| Dust of Appearance | 1 | |
11 total

»
Huds (
orange | 20 APM | 3249 actions | 160:30)
4 Archmage
1 Blizzard
2 Brilliance Aura
1 Summon Water Elemental
3 Paladin
1 Holy Light
2 Devotion Aura
» actions
| Assign group hotkey | 44 | |
| Basic commands | 525 | |
| Build / train | 68 | |
| ESC pressed | 1 | |
| Enter build submenu | 25 | |
| Enter hero's abilities submenu | 7 | |
| Remove unit from queue | 1 | |
| Right click | 747 | |
| Select / deselect | 516 | |
| Select group hotkey | 1048 | |
| Use ability | 267 | |
3249 total
» units
| Peasant | 9 | |
| Footman | 7 | |
| Sorceress | 2 | |
| Mortar Team | 20 | |
| Knight | 3 | |
| Priest | 2 | |
43 total
» upgrades
| Sorceress Training | 2 | |
| Fragmentation Shards | 1 | |
| Flare | 1 | |
| Animal War Training | 1 | |
| Priest Training | 1 | |
| Gunpowder | 1 | |
7 total
» buildings
| Altar of Kings | 1 | |
| Farm | 9 | |
| Barracks | 2 | |
| Scout Tower | 4 | |
| Arcane Vault | 1 | |
| Keep | 1 | |
| Blacksmith | 1 | |
| Castle | 1 | |
| Arcane Sanctum | 2 | |
| Workshop | 1 | |
| Lumber Mill | 1 | |
| Guard Tower | 1 | |
25 total
» build order
00:22 Altar of Kings
00:30 Farm
00:47 Barracks
01:10 Farm
01:14 Farm
01:39 Scout Tower
02:05 Farm
02:18 Barracks
03:17 Farm
03:22 Arcane Vault
03:39 Keep
05:01 Blacksmith
05:10 Farm
06:15 Castle
06:46 Arcane Sanctum
07:53 Arcane Sanctum
08:30 Workshop
09:09 Scout Tower
09:13 Scout Tower
09:19 Scout Tower
09:29 Lumber Mill
11:25 Guard Tower
12:31 Farm
12:33 Farm
12:34 Farm
» items
| Rod of Necromancy | 2 | |
| Scroll of Regeneration | 1 | |
| Lesser Clarity Potion | 1 | |
| Potion of Healing | 1 | |
5 total

»
red_yung (
blue | 23 APM | 6362 actions | 277:24)
5 Crypt Lord
3 Carrion Beetles
2 Impale
4 Death Knight
2 Death Coil
2 Unholy Aura
» actions
| Assign group hotkey | 392 | |
| Basic commands | 27 | |
| Build / train | 116 | |
| ESC pressed | 1 | |
| Enter build submenu | 27 | |
| Enter hero's abilities submenu | 9 | |
| Give item / drop item | 6 | |
| Remove unit from queue | 6 | |
| Right click | 3875 | |
| Select / deselect | 1146 | |
| Select group hotkey | 590 | |
| Use ability | 167 | |
6362 total
» units
| Acolyte | 28 | |
| Ghoul | 3 | |
| Crypt Fiend | 12 | |
| Gargoyle | 4 | |
| Harpy Rogue | 1 | |
| Harpy Windwitch | 1 | |
| Razormane Medicine Man | 1 | |
| Centaur Outrunner | 1 | |
| Frost Wyrm | 8 | |
| Meatwagon | 1 | |
| Obsidian Statue | 3 | |
63 total
» upgrades
| Web | 1 | |
| Freezing Breath | 1 | |
| Creature Attack | 3 | |
| Creature Carapace | 3 | |
| Burrow | 1 | |
| Destroyer Form | 1 | |
10 total
» buildings
| Ziggurat | 10 | |
| Graveyard | 1 | |
| Altar of Darkness | 1 | |
| Crypt | 1 | |
| Tomb of Relics | 1 | |
| Nerubian Tower | 1 | |
| Halls of the Dead | 2 | |
| Necropolis | 1 | |
| Spirit Tower | 6 | |
| Sacrificial Pit | 1 | |
| Black Citadel | 2 | |
| Boneyard | 2 | |
| Slaughterhouse | 1 | |
30 total
» build order
00:29 Ziggurat
00:38 Graveyard
00:47 Altar of Darkness
01:14 Crypt
01:26 Ziggurat
01:56 Tomb of Relics
02:10 Nerubian Tower
02:44 Ziggurat
03:41 Halls of the Dead
04:50 Ziggurat
05:04 Ziggurat
05:09 Necropolis
05:59 Spirit Tower
05:59 Spirit Tower
06:22 Sacrificial Pit
08:31 Black Citadel
09:38 Ziggurat
09:59 Ziggurat
10:02 Ziggurat
10:43 Spirit Tower
11:29 Spirit Tower
12:05 Halls of the Dead
14:36 Spirit Tower
18:51 Black Citadel
28:24 Boneyard
28:29 Boneyard
28:43 Ziggurat
31:04 Spirit Tower
56:12 Slaughterhouse
126:57 Ziggurat
» items
| Rod of Necromancy | 1 | |
| Sacrificial Skull | 1 | |
| Potion of Healing | 2 | |
| Scroll of Town Portal | 2 | |
| Scroll of Healing | 1 | |
| Dust of Appearance | 1 | |
| Orb of Corruption | 2 | |
| Boots of Speed | 1 | |
| Staff of Teleportation | 1 | |
12 total
Chat log
(00:20 / Allies) Cheng159: units
(00:31 / Allies) Plops: TOWERZZZ
(00:49 / Allies) Cheng159: prepair 佛如attack
(00:54 / All) Plops: obama
(02:02 / All) Plops: OBAMA
(02:11 / All) ASSRAPETHENEGRO: BLACK DICK
(04:48 / All) Plops: OBAMA
(05:00 / All) ASSRAPETHENEGRO: SNOOKI
(06:08 / All) Plops: dinner
(07:44 / All) Plops: mah boi, this peace is what all true warriors strive for
(07:59 / All) ASSRAPETHENEGRO: anal sex
(09:26 / All) ASSRAPETHENEGRO: lol
(11:26 / Allies) Plops: LUMBZ
(12:04 / Allies) ASSRAPETHENEGRO: they have shades fyi
(12:08 / All) Plops: dinner
(12:46 / All) Plops: dinner
(12:54 / Allies) ASSRAPETHENEGRO: youre gonna need morts
(13:08 / Allies) ASSRAPETHENEGRO: to kill their morts
(14:01 / Allies) ASSRAPETHENEGRO: get feinds by towers to web them into tower hits
(15:01 / All) Plops: dinner
(16:50 / Allies) ASSRAPETHENEGRO: am
(16:51 / Allies) ASSRAPETHENEGRO: kill
(16:52 / Allies) ASSRAPETHENEGRO: am
(17:47 / All) Plops: dinner
(18:45 / Allies) Cheng159: gold
(18:57 / Allies) Cheng159: ty
(21:44 / All) Plops: MAH BOIS
(25:19 / Allies) ASSRAPETHENEGRO: if we start to lose
(25:21 / Allies) ASSRAPETHENEGRO: tp up here
(25:31 / Allies) Plops: looool
(25:36 / Allies) ASSRAPETHENEGRO: ^_^_^
(25:47 / Allies) ASSRAPETHENEGRO: with aa
(25:55 / Allies) ASSRAPETHENEGRO: so make sure not all hawks and stuff die
(25:56 / Allies) Cheng159: gold
(26:45 / Allies) Cheng159: 马克
(27:23 / Allies) ASSRAPETHENEGRO: care
(27:52 / Allies) Cheng159: gold
(28:10 / Allies) Cheng159: more
(28:27 / Allies) Cheng159: gold
(28:44 / Allies) Cheng159: gold
(30:45 / Allies) ASSRAPETHENEGRO: OOPS
(31:12 / All) Plops: dinner
(32:05 / Allies) Cheng159: units
(32:09 / Allies) Cheng159: attack
(32:09 / Allies) ASSRAPETHENEGRO: build more towers
(32:11 / Allies) ASSRAPETHENEGRO: behind
(33:05 / Allies) Plops: tping
(34:04 / Allies) ASSRAPETHENEGRO: pump aa
(34:33 / Allies) Cheng159: gold
(34:38 / All) Plops: gg bois
(34:56 / Allies) Cheng159: gold
(35:37 / Allies) ASSRAPETHENEGRO: evac
(35:38 / Allies) Cheng159: give么 me gold pl
(35:59 / Allies) ASSRAPETHENEGRO: cancel those towers
(36:02 / Allies) ASSRAPETHENEGRO: need room for a shop
(36:52 / All) Plops: dinner
(37:17 / Allies) ASSRAPETHENEGRO: red tp out with all ghouls and aco
(38:43 / Allies) ASSRAPETHENEGRO: sell items
(38:44 / Allies) ASSRAPETHENEGRO: get a tp
(39:12 / All) Plops: I wonder whats for dinner
(39:43 / Allies) ASSRAPETHENEGRO: no unsummon?????
(39:49 / Allies) ASSRAPETHENEGRO: the fuck bro
(39:59 / Allies) ASSRAPETHENEGRO: tp up here
(40:22 / Allies) ASSRAPETHENEGRO: buy tp
(41:26 / All) Beazy: gg
(41:27 / Allies) ASSRAPETHENEGRO: tp up here
(41:52 / All) Plops: mah bois, this was a good game
(42:03 / All) Beazy: it was kinda boring.
(42:13 / All) ASSRAPETHENEGRO: ...or is it?
(42:15 / Allies) Cheng159: realy 》》??》
(42:18 / Allies) ASSRAPETHENEGRO: red wtf dude
(42:23 / Allies) ASSRAPETHENEGRO: get up here
(42:32 / Allies) ASSRAPETHENEGRO: get a tp
(42:38 / Allies) Cheng159: gold
(42:43 / Allies) ASSRAPETHENEGRO: sell items
(42:45 / Allies) ASSRAPETHENEGRO: i dont have enough gold
(43:08 / Allies) ASSRAPETHENEGRO: they just have wyrms
(43:10 / Allies) ASSRAPETHENEGRO: lol
(43:21 / All) Huds: fuckers
(43:26 / All) ASSRAPETHENEGRO: LoL
(43:26 / All) Plops: hohohoHOHOHohohoHOHoho
(43:30 / Allies) ASSRAPETHENEGRO: tp
(43:31 / Allies) ASSRAPETHENEGRO: wtf
(43:32 / Allies) ASSRAPETHENEGRO: dood
(43:56 / Allies) ASSRAPETHENEGRO: good
(44:18 / Allies) Plops: i have a critter there for tping
(44:25 / Allies) ASSRAPETHENEGRO: ownage
(44:45 / Allies) ASSRAPETHENEGRO: if you shakle all the wyrms theres nothing they can really do
(44:47 / All) Plops: come and get us bois
(45:12 / Allies) Plops: wood?
(45:21 / All) ASSRAPETHENEGRO: hi there
(45:59 / Allies) ASSRAPETHENEGRO: get hawks ready
(46:32 / Allies) Cheng159: sjit
(46:35 / Allies) ASSRAPETHENEGRO: what
(46:37 / Allies) Cheng159: shit
(46:43 / Allies) ASSRAPETHENEGRO: shit what
(46:46 / Allies) ASSRAPETHENEGRO: they have no money lol
(47:05 / All) Plops: hurry up bois
(48:39 / All) Plops: Thou who seekest the peak
(48:45 / All) Plops: Ye must face the test of towers
(49:28 / Allies) ASSRAPETHENEGRO: dont get anywhere near the feinds
(49:41 / Allies) ASSRAPETHENEGRO: lol
(49:49 / Allies) Plops: lolollll
(50:05 / Allies) ASSRAPETHENEGRO: dont even attack
(50:10 / Allies) ASSRAPETHENEGRO: not worth it
(50:14 / Allies) ASSRAPETHENEGRO: plus all ground units are meaningless
(50:17 / All) Plops: Welcome to our humble home
(51:00 / Allies) Cheng159: 哈哈
(51:05 / Allies) ASSRAPETHENEGRO: lol
(51:08 / All) Cheng159: haha
(51:32 / Allies) ASSRAPETHENEGRO: i can give you tele staff red
(51:36 / Allies) ASSRAPETHENEGRO: if you want to move your heroes
(51:40 / Allies) ASSRAPETHENEGRO: you will have to give it back
(51:44 / Allies) ASSRAPETHENEGRO: or my hero will be stuck
(51:58 / Allies) ASSRAPETHENEGRO: nice
(52:19 / All) Plops: MUY BIEN
(52:19 / All) Cheng159: lol
(52:22 / All) ASSRAPETHENEGRO: thank you come again
(52:35 / Allies) ASSRAPETHENEGRO: red
(53:14 / Allies) Cheng159: i 冬天dont need it
(53:24 / Allies) Cheng159: 不同but ty
(53:25 / Allies) ASSRAPETHENEGRO: come over by the healing
(53:32 / Allies) ASSRAPETHENEGRO: so you dont get hit by wyrms
(54:06 / Allies) ASSRAPETHENEGRO: if they unsummon everything
(54:10 / Allies) ASSRAPETHENEGRO: they can get a few more wyrms
(54:18 / All) Plops: how you bois doing
(54:33 / All) Beazy: youtubing
(54:45 / All) ASSRAPETHENEGRO: new one direction video yet?
(57:04 / All) Beazy: cant even get up there..
(57:20 / All) Plops: ohoHOHOHohohohOHOhoho
(57:33 / Allies) Cheng159: i 惨can 不要buy 啊tele。。.
(59:12 / Allies) Plops: lol
(59:40 / All) Cheng159: ok ————
(60:03 / Allies) Plops: brb coffee
(63:07 / All) Plops: Only those who are truly worthy can ascend the Highperch
(64:03 / Allies) Plops: lol they are cutting the trees to reach us
(64:12 / Allies) ASSRAPETHENEGRO: where
(64:22 / Allies) Cheng159: realy
(64:38 / Allies) ASSRAPETHENEGRO: rofl
(64:42 / All) Plops: HOLA
(65:12 / All) ASSRAPETHENEGRO: |you got one wyv
(65:18 / All) ASSRAPETHENEGRO: Not sure it was worth it though
(65:33 / All) Plops: BACK TO THE NEST
(65:41 / All) Cheng159: 同样ty 佛如for free experience
(66:37 / Allies) ASSRAPETHENEGRO: lol
(67:00 / Allies) Cheng159: harass them
(67:17 / Allies) Cheng159: wait
(67:30 / Allies) ASSRAPETHENEGRO: dont attack until staff recharges
(67:44 / Allies) ASSRAPETHENEGRO: and dont let them guess where the critter is
(69:07 / All) Plops: ayyy!
(69:55 / Allies) ASSRAPETHENEGRO: next time bring down more critters
(71:13 / Allies) ASSRAPETHENEGRO: ok
(71:15 / Allies) ASSRAPETHENEGRO: yeah get out
(71:28 / All) Beazy: nba 2k13 time brb :D
(71:33 / All) ASSRAPETHENEGRO: c u later
(72:37 / Allies) ASSRAPETHENEGRO: b
(72:37 / Allies) ASSRAPETHENEGRO: b
(72:53 / All) Plops: Y COMO ESTAN
(72:58 / All) Huds: pendejo
(73:08 / All) ASSRAPETHENEGRO: ripped jeans
(73:11 / All) ASSRAPETHENEGRO: skin was showin
(73:23 / All) Plops: APPEL BODDEM
(74:56 / All) ASSRAPETHENEGRO: where you think youre goin baby
(75:05 / Allies) Plops: try and kill am
(75:12 / Allies) ASSRAPETHENEGRO: let me get that shade
(75:18 / Allies) Plops: cant scan yet
(75:19 / Allies) ASSRAPETHENEGRO: \can you scan it again
(75:23 / Allies) ASSRAPETHENEGRO: ok
(75:25 / Allies) Plops: like 2 mins
(75:32 / Allies) ASSRAPETHENEGRO: ok i will just wait
(77:40 / Allies) ASSRAPETHENEGRO: going
(77:40 / Allies) Plops: ok now
(77:48 / Allies) ASSRAPETHENEGRO: scan it
(78:19 / All) ASSRAPETHENEGRO: H-H-H-HEADSHOT
(78:27 / Allies) Plops: lol they patrolling
(78:48 / Allies) ASSRAPETHENEGRO: next time spirit link before going
(79:54 / All) Plops: lets do this mah bois
(80:12 / Allies) ASSRAPETHENEGRO: woah
(80:14 / Allies) ASSRAPETHENEGRO: careful
(80:15 / Allies) ASSRAPETHENEGRO: dont tp
(80:24 / Allies) ASSRAPETHENEGRO: ud and wyrms right there
(80:30 / Allies) Plops: ill move pig
(80:49 / Allies) ASSRAPETHENEGRO: can you get a shop
(80:52 / Allies) ASSRAPETHENEGRO: for more critters
(81:35 / Allies) Plops: yup
(81:39 / Allies) ASSRAPETHENEGRO: ok cool
(83:12 / Allies) Plops: pigtown
(85:21 / Allies) Plops: ill go with next time
(85:31 / Allies) Cheng159: 惨can 哟与you 不要buy 么me tele. too
(86:29 / Allies) ASSRAPETHENEGRO: we are almost out of cash
(86:38 / Allies) Plops: so are they
(86:41 / Allies) ASSRAPETHENEGRO: yeah
(86:47 / Allies) ASSRAPETHENEGRO: but they can unsummon a lot
(86:53 / Allies) ASSRAPETHENEGRO: not that it really matters
(87:14 / Allies) ASSRAPETHENEGRO: red you can use tinker tele
(88:04 / Allies) ASSRAPETHENEGRO: dont know how many shades they hav
(88:13 / Allies) Plops: well shit
(88:25 / Allies) Plops: up to you bm
(88:43 / All) Plops: AAYAYYY
(90:50 / All) Plops: well bois what now
(92:39 / Allies) ASSRAPETHENEGRO: see if you can find shades with scan
(93:19 / Allies) Cheng159: if we 撒了sale items green 惨can get his hero back
(93:27 / Allies) ASSRAPETHENEGRO: have to build alter too
(93:28 / Allies) Plops: no altar
(94:06 / Allies) Plops: blue has a shade in his army
(94:13 / Allies) ASSRAPETHENEGRO: ok
(95:12 / All) Plops: Pigtown USA
(95:23 / All) ASSRAPETHENEGRO: everybody wanna peice of my chicken
(95:33 / All) Plops: DINNER
(96:45 / All) Plops: Thatsa one spicy meataballa
(96:57 / Allies) ASSRAPETHENEGRO: what?
(97:08 / Allies) Cheng159: creep
(97:14 / Allies) ASSRAPETHENEGRO: lol
(97:16 / Allies) ASSRAPETHENEGRO: why
(97:24 / Allies) ASSRAPETHENEGRO: risky
(98:20 / Allies) Cheng159: how much do 有you need 头to buy 有人your hero
(98:26 / Allies) Plops: dunno
(98:36 / Allies) ASSRAPETHENEGRO: it wouldnt really even help to have it
(101:24 / Allies) Cheng159: what 爱热are you doing
(101:32 / Allies) Plops: slappin it up
(102:05 / Allies) Plops: bladestorm towers?
(105:33 / Allies) ASSRAPETHENEGRO: i could
(105:37 / Allies) ASSRAPETHENEGRO: without tp its kind of risky
(105:43 / Allies) Plops: ya dont now, hes there
(105:45 / Allies) ASSRAPETHENEGRO: i guess it doesnt really matter if he dies though
(105:50 / Allies) Plops: could kill shade though
(105:54 / Allies) ASSRAPETHENEGRO: yeah
(106:01 / Allies) ASSRAPETHENEGRO: do you know where the shade is
(106:12 / Allies) Plops: following both DKs
(106:16 / Allies) ASSRAPETHENEGRO: ok
(107:46 / All) Plops: BOOTS WITH FURR
(109:17 / All) Plops: hohohoHOHOHohohohOHOho
(110:52 / Allies) ASSRAPETHENEGRO: do you know where the armies are
(110:56 / Allies) Plops: nope
(111:00 / Allies) Plops: probs at the expos
(111:04 / Allies) ASSRAPETHENEGRO: yeah
(112:37 / Allies) ASSRAPETHENEGRO: we really just have to kill the feinds
(113:00 / Allies) ASSRAPETHENEGRO: can you scan tav
(113:08 / Allies) ASSRAPETHENEGRO: shit
(113:12 / Allies) ASSRAPETHENEGRO: can tp in
(113:14 / Allies) ASSRAPETHENEGRO: they will see
(113:18 / Allies) Plops: move da pig
(113:26 / Allies) ASSRAPETHENEGRO: don twant them to see the pig moving
(113:34 / Allies) ASSRAPETHENEGRO: make a quick run for it
(113:36 / Allies) Plops: sneaky pig
(113:40 / Allies) ASSRAPETHENEGRO: tree by tree pig ninja
(114:11 / Allies) ASSRAPETHENEGRO: double pig
(115:32 / Allies) ASSRAPETHENEGRO: abort
(115:58 / All) Plops: BACK TO THE NEST
(116:03 / All) ASSRAPETHENEGRO: KAAAAAAA
(117:54 / All) Cheng159: give up boys
(118:03 / All) Plops: or climb the mountain
(118:10 / All) Plops: IF YOU CAN FIND OUT HOW
(120:16 / Allies) ASSRAPETHENEGRO: oh
(120:19 / Allies) ASSRAPETHENEGRO: shit
(120:20 / Allies) Plops: close
(120:24 / Allies) Plops: lol
(120:32 / Allies) Plops: got the priest though
(120:37 / Allies) ASSRAPETHENEGRO: yeah
(121:43 / Allies) Plops: bet u can kill the pally, he doesnt have shield
(121:46 / Allies) ASSRAPETHENEGRO: yeah
(121:51 / Allies) ASSRAPETHENEGRO: ill go for him next time
(121:55 / Allies) ASSRAPETHENEGRO: i thought he was tabbed and wouldnt heal
(124:50 / Allies) Plops: lets try and kill blue shade
(125:09 / Allies) ASSRAPETHENEGRO: do you know where it is
(125:13 / Allies) Plops: nope
(126:12 / Allies) ASSRAPETHENEGRO: scan expo?
(126:47 / Allies) Plops: sry
(127:09 / Allies) Plops: dont
(127:16 / Allies) ASSRAPETHENEGRO: i will die if i go for either one
(127:21 / Allies) Plops: ya
(127:39 / Allies) Cheng159: 问we can win ifwe attack with all units
(127:48 / Allies) ASSRAPETHENEGRO: ded
(127:51 / Allies) Plops: ayyy
(127:58 / All) Plops: MAH BOI!!
(128:06 / Allies) ASSRAPETHENEGRO: MAZURRROOO
(128:10 / All) ASSRAPETHENEGRO: MAAAAZZURRROOO
(128:13 / All) ASSRAPETHENEGRO: MAAAAAAAAZZZURRRROOO
(133:15 / Allies) Cheng159: i 亩水田must go
(133:21 / Allies) Plops: MAH BOI!!
(134:13 / All) Plops: the weakest link
(142:52 / All) Plops: dinner
(153:52 / All) Plops: how are mah bois doing
(160:38 / All) ASSRAPETHENEGRO: Goodbye, my love.
(163:46 / All) ASSRAPETHENEGRO: Well it's down to a nail biting 2v2.
(166:55 / All) Plops: Many have tried to outlast the perchers
(167:00 / All) Plops: But they have all failed.
(176:01 / Allies) Plops: brb in like 15
(176:44 / Allies) ASSRAPETHENEGRO: ok
(212:51 / All) Plops: ohohohOHOHOHohohOHOhoho
(213:14 / All) ASSRAPETHENEGRO: hey kid
(213:16 / All) ASSRAPETHENEGRO: im a computer
(213:31 / All) Plops: STOP ALL THE DOWNLOADIN
(221:10 / All) Plops: MAH BOIS
(222:23 / All) Plops: hows it slappin
(227:33 / All) Plops: ITS THE FINAL COUNTOWN
(233:03 / All) Plops: have you guys eaten dinner yet
(233:46 / Allies) Plops: factory down the buildings
(233:47 / All) ASSRAPETHENEGRO: I'm averaging 225 apm this game.
(233:51 / Allies) ASSRAPETHENEGRO: yeah i will try
(234:03 / Allies) ASSRAPETHENEGRO: pretty hard to do any damage
(234:39 / Allies) Plops: care theres a peasant
(235:06 / Allies) ASSRAPETHENEGRO: do you know how much gold it costs to build a level 6 hero
(235:32 / Allies) ASSRAPETHENEGRO: could sell the dk orb
(235:37 / Allies) ASSRAPETHENEGRO: and the staff on tinker
(235:46 / Allies) Plops: nah
(235:57 / Allies) Plops: just gotta distract em away
(238:39 / All) Plops: ohohoHOHOHOhohohoHOHOhoho
(239:01 / Allies) ASSRAPETHENEGRO: might be able to draw the wyrm up
(239:21 / Allies) Plops: care
(239:30 / Allies) Plops: theyll web
(239:39 / Allies) ASSRAPETHENEGRO: oh hes not afk now
(240:09 / Allies) Plops: kill fiend?
(240:09 / Allies) ASSRAPETHENEGRO: yea
(240:27 / Allies) ASSRAPETHENEGRO: bat sac
(240:36 / Allies) ASSRAPETHENEGRO: lol
(240:52 / All) Plops: buen slapping
(242:24 / Allies) Plops: lol
(246:45 / Allies) Plops: lol
(246:48 / Allies) Plops: nice one
(246:51 / All) ASSRAPETHENEGRO: dead horse
(246:55 / All) Plops: NEEEIGGGHH
(248:37 / Allies) ASSRAPETHENEGRO: trying to draw army down
(249:32 / All) Plops: almost over mah bois
(249:47 / Allies) Plops: i got an idea
(249:51 / Allies) Plops: frost nova them away with lich
(250:00 / Allies) ASSRAPETHENEGRO: yeah good idea
(250:20 / Allies) Plops: risky
(250:24 / Allies) ASSRAPETHENEGRO: yeah
(250:26 / Allies) ASSRAPETHENEGRO: lich is slow
(250:30 / Allies) ASSRAPETHENEGRO: and would lose the only tele
(250:38 / Allies) Plops: ok lets keep tinkering
(250:42 / Allies) ASSRAPETHENEGRO: yeah
(250:58 / Allies) Plops: try and pick off fiends
(251:09 / Allies) ASSRAPETHENEGRO: wyrms kill the bots too fast
(251:51 / All) ASSRAPETHENEGRO: headshot
(251:52 / All) Plops: hohOHHOhohohoo
(252:21 / Allies) ASSRAPETHENEGRO: i think we can kill the lich
(252:25 / Allies) ASSRAPETHENEGRO: let me draw it out agian
(252:26 / Allies) Plops: k
(252:46 / Allies) ASSRAPETHENEGRO: lol
(252:51 / All) ASSRAPETHENEGRO: beazy deady
(253:50 / Allies) ASSRAPETHENEGRO: noo
(254:00 / Allies) Plops: sry
(256:01 / Allies) ASSRAPETHENEGRO: lol
(258:49 / Allies) Plops: lol
(258:57 / All) Plops: keep it up mah bois
(260:12 / All) Plops: MUY BIEN!
(262:03 / Allies) ASSRAPETHENEGRO: worth it
(262:37 / Allies) Plops: those goblins do exposion damage when they die
(262:43 / Allies) Plops: spam them at the fiends
(262:43 / Allies) ASSRAPETHENEGRO: tinker 2 exp from level 5
(262:44 / Allies) ASSRAPETHENEGRO: yeah
(262:53 / Allies) ASSRAPETHENEGRO: lol
(264:56 / Allies) ASSRAPETHENEGRO: get it
(265:29 / Allies) ASSRAPETHENEGRO: cl
(266:03 / Allies) ASSRAPETHENEGRO: lol
(266:08 / Allies) Plops: oh nice now its gg
(266:13 / Allies) Plops: lich ultimate
(266:17 / All) Plops: GG BOIS
(266:24 / Allies) ASSRAPETHENEGRO: it will draw the army
(266:28 / Allies) Plops: doesnt matter
(266:38 / Allies) Plops: should kill the buildings
(266:44 / Allies) ASSRAPETHENEGRO: takes a while
(268:00 / Allies) Plops: i can buy red a staff
(268:13 / Allies) ASSRAPETHENEGRO: do it
(268:15 / Allies) ASSRAPETHENEGRO: can hope lich over
(268:16 / Allies) ASSRAPETHENEGRO: in range
(268:20 / Allies) Plops: lol
(268:21 / Allies) ASSRAPETHENEGRO: ehs bakc
(268:27 / Allies) ASSRAPETHENEGRO: lol
(269:19 / Allies) Plops: here lets just buy another staff with the lich
(270:08 / Allies) ASSRAPETHENEGRO: i think the lich is going to die before the buldings will
(270:16 / Allies) Plops: distract with tinker
(270:23 / Allies) ASSRAPETHENEGRO: have to get the tinker down there
(270:29 / Allies) Plops: ahh shit its with my gold :(
(270:39 / Allies) ASSRAPETHENEGRO: oh no
(271:01 / Allies) ASSRAPETHENEGRO: tp back to tinker
(271:05 / Allies) ASSRAPETHENEGRO: and give it to tinker
(271:12 / Allies) ASSRAPETHENEGRO: i will sell this orb
(271:15 / Allies) ASSRAPETHENEGRO: then buy another tp
(271:25 / Allies) Plops: nice
(272:36 / Allies) ASSRAPETHENEGRO: wtf
(272:38 / Allies) ASSRAPETHENEGRO: where is the army
(272:44 / Allies) Plops: we killed most of it
(272:53 / Allies) ASSRAPETHENEGRO: no there is more he moved it
(273:43 / Allies) Plops: nice
(273:47 / Allies) Plops: now we got this
(273:51 / Allies) ASSRAPETHENEGRO: yeah
(274:04 / Allies) Plops: distract from north with factory and then decay em down
(274:12 / Allies) Plops: ill control lich
(274:16 / Allies) ASSRAPETHENEGRO: ok
(274:33 / Allies) ASSRAPETHENEGRO: oh shit
(274:37 / Allies) ASSRAPETHENEGRO: shouldnt have killed theg rave yard
(274:42 / Allies) ASSRAPETHENEGRO: could have made invinc ghouul
(274:44 / Allies) ASSRAPETHENEGRO: with dk ulti
(276:23 / Allies) Plops: showtime
(277:11 / Allies) ASSRAPETHENEGRO: wait
(277:13 / Allies) Plops: more factories
(277:22 / Allies) ASSRAPETHENEGRO: we got it